 Dungeon Crawl Stone Soup version 0.31-a0-187-gba352fbbf7 (webtiles) character file.

Game seed: 12055241856493080479

96 qw the Shooter (level 4, -1/25 HPs)
             Began as a Deep Elf Hunter on June 22, 2023.
             Slain by Edmund
             ... wielding a +3 dire flail of protection
              (7 damage)
             ... on level 3 of the Dungeon.
             The game lasted 00:00:43 (1903 turns).

qw the Shooter (Deep Elf Hunter)                    Turns: 1903, Time: 00:00:43

Health: -1/25      AC:  9    Str: 10    XL:     4   Next: 41%
Magic:  6/6        EV: 11    Int: 14    God:
Gold:   130        SH:  0    Dex: 18    Spells: 3/3 levels left

rFire   . . .        Y - +2 shortbow
rCold   . . .        (shield currently unavailable)
rNeg    . . .        l - +0 ring mail
rPois   .            i - +0 helmet
rElec   .            (no cloak)
rCorr   .            (no gloves)
SInv    .            e - +2 pair of boots
Will    .....        (no amulet)
Stlth   +            (no ring)
HPRegen 0.24/turn    (no ring)
MPRegen 0.10/turn

%: no passive effects
@: no status effects
A: no striking features
a: no special abilities


You were on level 3 of the Dungeon.
You visited 1 branch of the dungeon, and saw 4 of its levels.

You collected 130 gold pieces.


   Skills:
 - Level 1.5 Fighting
 + Level 7.8 Ranged Weapons
 - Level 2.4 Dodging
 - Level 1.2 Stealth


You had 3 spell levels left.
You didn't know any spells.
Your spell library was empty.

Inventory:

Hand Weapons
 Y - a +2 shortbow (weapon)
Armour
 e - a +2 pair of boots (worn)
 i - a +0 helmet (worn)
 l - a +0 ring mail (worn)
Scrolls
 a - a scroll of identify
Potions
 d - a potion of curing
 k - a potion of brilliance {unknown}

Dungeon Overview and Level Annotations

Branches:
Dungeon (4/15)
 Temple: D:4-7

Altars:

Shops:
D:3 =

Annotations:
D:3 Edmund


Message History

Done exploring.
(D) Dungeon
Where to? (* - list waypoints, Enter - D:3, ? - help)
What level of the Dungeon? (default 1, ? - help)
There is a stone staircase leading down here.
You climb downwards.
There is a stone staircase leading up here.
Edmund is nearby!
Waypoint 3 assigned to D:4.
You shoot an arrow.
The arrow hits Edmund but does no damage.
Edmund shouts!
You shoot an arrow. The arrow barely misses Edmund.
You shoot an arrow.
The arrow hits Edmund but does no damage.
You shoot an arrow. The arrow closely misses Edmund.
Edmund hits you with a +3 dire flail of protection.
You shoot an arrow.
The arrow hits Edmund but does no damage.
Edmund hits you but does no damage.
You shoot an arrow.
The arrow hits Edmund but does no damage.
Edmund hits you with a +3 dire flail of protection.
1898 ||| STAIRDANCE Edmund hits you with a +3 dire flail of protection.
You climb upwards.
There is a stone staircase leading down here.
You shoot an arrow.
The arrow hits Edmund but does no damage.
Edmund closely misses you.
Edmund hits you with a +3 dire flail of protection.
You shoot an arrow.
The arrow hits Edmund but does no damage.
Edmund hits you with a +3 dire flail of protection!
You shoot an arrow.
The arrow hits Edmund but does no damage.
Edmund barely misses you.
You shoot an arrow.
The arrow hits Edmund but does no damage.
Edmund hits you with a +3 dire flail of protection!
You die...

.#.###.#.#............#........#
.......#.#...#........#.########
.#.......##..#.#.#....#.#
.#.......#...#........#.#
.##......#..##....(...#.#
.#.......#..##...###..#.#
.#....!..#............#.#
.#.......#..########.##.#
.#.####........@@..#....# .#.#
#.......#####.###..# .#.#
#.##.##.....#.#....#
.#+###.#.#.#..##.#.#.#..####
....##..#\#................#
....##.#.#.#...#.#.#.#.###.#
.......##.##...#.#.#.#.#...#
....#..........#.#.#.#.#.###
............#..#.#.#.#.#.#


You could see Edmund.

Vanquished Creatures
  4 adders
  3 dart slugs
  An orc (D:3)
  8 ball pythons
  9 bats
  6 endoplasms
  6 goblins
  3 hobgoblins (D:1)
  3 quokkas
  2 frilled lizards
  4 kobolds
  2 rats (D:1)
51 creatures vanquished.

Notes
Turn   | Place    | Note
-------+----------+-------------------------------------------
     0 | D:1      | qw the Deep Elf Hunter began the quest for the Orb.
     0 | D:1      | Reached XP level 1. HP: 12/12 MP: 3/3
     0 | D:1      | 0 ||| qw: Version: 0.3-a-9-g12657ce
     0 | D:1      | 0 ||| qw: Game counter: 2207
     0 | D:1      | 0 ||| qw: Always use a shield: true
     0 | D:1      | 0 ||| qw: God list: Okawaru
     0 | D:1      | 0 ||| qw: Allow faded altars: false
     0 | D:1      | 0 ||| qw: Do Orc after D:15 true
     0 | D:1      | 0 ||| qw: Do second Lair branch before Depths: true
     0 | D:1      | 0 ||| qw: Lair rune preference: random
     0 | D:1      | 0 ||| qw: Plans: Normal
     0 | D:1      | 0 ||| PLANNING D:1-11
   131 | D:1      | Reached skill level 6 in Ranged Weapons
   131 | D:1      | Reached XP level 2. HP: 16/16 MP: 4/4
   140 | D:1      | Found a faded altar of an unknown god.
   178 | D:1      | 178 ||| READING 2 scrolls labelled ZAGYRA ATOU.
   313 | D:1      | Reached XP level 3. HP: 20/20 MP: 5/5
   428 | D:1      | 428 ||| UPGRADING to +2 pair of boots.
   433 | D:1      | 433 ||| READING scroll labelled YGOCOO VODYH.
   434 | D:1      | 434 ||| DROPPING scroll of butterflies.
   596 | D:2      | Reached skill level 7 in Ranged Weapons
   791 | D:2      | Reached XP level 4. HP: 25/25 MP: 6/6
   800 | D:2      | 800 ||| READING scroll of enchant weapon.
   800 | D:2      | 800 ||| ENCHANTING +1 shortbow.
   917 | D:2      | 917 ||| UPGRADING to +0 helmet.
   922 | D:2      | 922 ||| UPGRADING to +0 ring mail.
   932 | D:2      | 932 ||| DROPPING +0 leather armour.
   933 | D:2      | 933 ||| READING scroll labelled MALEOL YCLOM.
   934 | D:2      | 934 ||| READING scroll labelled KEILAVV DODI.
   935 | D:2      | 935 ||| READING scroll labelled VICIUN NOSEAZ.
  1036 | D:2      | 1036 ||| DRINKING 2 blue potions.
  1037 | D:2      | 1037 ||| READING 4 scrolls of identify.
  1037 | D:2      | 1037 ||| IDENTIFYING lumpy golden potion
  1038 | D:2      | 1038 ||| READING 3 scrolls of identify.
  1038 | D:2      | 1038 ||| IDENTIFYING ruby potion
  1039 | D:2      | 1039 ||| READING 2 scrolls of identify.
  1039 | D:2      | 1039 ||| IDENTIFYING dark potion
  1040 | D:2      | 1040 ||| DROPPING potion of degeneration.
  1041 | D:2      | 1041 ||| DROPPING potion of attraction.
  1042 | D:2      | 1042 ||| DROPPING potion of invisibility.
  1127 | D:3      | Found Viemmeam's Jewellery Boutique.
  1129 | D:3      | 1129 ||| SHOPLISTING +4 ring of protection (360 gold, have
                  | 86).
  1129 | D:3      | 1129 ||| SHOPLISTING amulet of reflection (300 gold, have
                  | 86).
  1129 | D:3      | 1129 ||| SHOPLISTING amulet of regeneration (300 gold, have
                  | 86).
  1129 | D:3      | 1129 ||| SHOPLISTING ring of Xullyvvo {rC+ MP+9 Str+4
                  | Slay-2} (340 gold, have 86).
  1129 | D:3      | 1129 ||| SHOPLISTING ring of ice (250 gold, have 86).
  1129 | D:3      | 1129 ||| SHOPLISTING ring of poison resistance (200 gold,
                  | have 86).
  1129 | D:3      | 1129 ||| SHOPLISTING ring of see invisible (150 gold, have
                  | 86).
  1129 | D:3      | 1129 ||| SHOPLISTING ring of willpower (250 gold, have 86).
  1872 | D:3      | 1872 ||| READING scroll labelled BAXUIBL SAITU.
  1876 | D:3      | 1876 ||| READING 3 scrolls of identify.
  1876 | D:3      | 1876 ||| IDENTIFYING lumpy ruby potion
  1877 | D:3      | 1877 ||| READING 2 scrolls of identify.
  1877 | D:3      | 1877 ||| IDENTIFYING fuming puce potion
  1878 | D:3      | 1878 ||| DROPPING potion of lignification.
  1879 | D:3      | 1879 ||| DROPPING potion of berserk rage.
  1891 | D:4      | Noticed Edmund
  1898 | D:4      | 1898 ||| STAIRDANCE
  1901 | D:3      | HP: 5/25 [Edmund/+3 dire flail of protection (12)]
  1903 | D:3      | Slain by Edmund

Levels and vault maps discovered:
D:1:      scummos_arrival_simple_crosswalls, layout_basic,
          dreamdust_ecumenical_altar_grove, minmay_tetromino_o2
D:2:      layout_basic, uniq_crazy_yiuf_cottage
D:3:      layout_basic, serial_shops, nicolae_shop_gaudy_bauble,
          kennysheep_generic_room_14
D:4:      layout_gridville, serial_shops, shop, grunt_ministairs_2, uniq_edmund,
          uniq_duvessa, uniq_eustachio, uniq_sigmund

Skill      XL: |  1  2  3 |
---------------+----------+-----
Ranged Weapons | 6 7 |  7.8
Fighting       | |  1.5
Dodging        | |  2.4
Stealth        | |  1.2

Action                     |  1- 3 |  4- 6 || total
---------------------------+-------+-------++-------
   Fire: Shortbow          |    85 |    41 ||   126
    Use: Scroll            |     2 |    10 ||    12
         Potion            |       |     1 ||     1
 Armour: Leather armour    |     5 |       ||     5
         Ring mail         |       |     9 ||     9
  Dodge: Dodged            |    12 |     5 ||    17

Table legend:
 A = Non-vault XP
 B = Vault XP
 C = Vault XP percentage of total XP
 D = Non-vault monster count
 E = Vault monster count
 F = Vault count percentage of total count
                 A         B        C        D         E       F
            +---------+---------+-------+---------+---------+-------
      Total |     123 |      15 |  10.9 |      49 |       2 |   3.9
            +---------+---------+-------+---------+---------+-------
        D:1 |      40 |       1 |   2.4 |      23 |       1 |   4.2
        D:2 |      67 |       0 |   0.0 |      19 |       0 |   0.0
        D:3 |      16 |      14 |  46.7 |       7 |       1 |  12.5
            +---------+---------+-------+---------+---------+-------
